 Dungeon Crawl Stone Soup version 0.31-a0-37-g98a128e1d9 (webtiles) character file.

Game seed: 16826279818437680641

218 Nedwor the Poker (level 5, 41/41 HPs)
             Began as a Merfolk Gladiator on May 15, 2023.
             Quit the game on level 3 of the Dungeon.
             The game lasted 00:03:06 (3051 turns).

Nedwor the Poker (Merfolk Gladiator)                Turns: 3051, Time: 00:03:07

Health: 41/41      AC: 11    Str: 16    XL:     5   Next: 95%
Magic:  5/5        EV:  9    Int:  7    God:
Gold:   125        SH:  0    Dex: 16    Spells: 4/4 levels left

rFire   . . .        a - +0 trident
rCold   . . .        (no shield)
rNeg    . . .        f - +0 chain mail
rPois   .            c - +0 helmet
rElec   .            (no cloak)
rCorr   .            n - +0 pair of gloves
SInv    .            j - +0 pair of boots
Will    .....        (no amulet) Stlth
                     (no ring)
HPRegen 0.26/turn    (no ring)
MPRegen 0.09/turn

%: no passive effects
@: no status effects
A: (nimble swimmer 2), mertail
a: no special abilities


You were on level 3 of the Dungeon.
You visited 1 branch of the dungeon, and saw 3 of its levels.

You collected 125 gold pieces.

Inventory:

Hand Weapons
 a - a +0 trident (weapon)
Missiles
 d - 3 throwing nets (quivered)
 e - a javelin
Armour
 c - a +0 helmet (worn)
 f - a +0 chain mail (worn)
 j - a +0 pair of boots (worn)
 n - a +0 pair of gloves (worn)
Jewellery
 i - a ring of ice
Scrolls
 b - 2 scrolls of identify {unknown}
 g - a scroll of fear {unknown}
 h - 6 scrolls of teleportation {unknown}
 p - a scroll of torment {unknown}
 r - a scroll of enchant weapon {unknown}
 t - a scroll of vulnerability {unknown}
 u - a scroll of noise {unknown}
 x - a scroll of poison {unknown}
Potions
 k - a potion of attraction {unknown}
 l - 3 potions of cancellation {unknown}
 m - a potion of invisibility {unknown}
 o - a potion of mutation {unknown}
 q - a potion of heal wounds {unknown}
 s - a potion of lignification {unknown}
 v - a potion of brilliance {unknown}
 w - a potion of resistance {unknown}
 z - 2 potions of berserk rage {unknown}


   Skills:
 + Level 3.4 Fighting
 * Level 6.2 Polearms
 - Level 2.0 Throwing
 + Level 1.5 Armour
 + Level 5.2 Dodging


You had 4 spell levels left.
You didn't know any spells.
Your spell library contained the following spells:

 Spells                   Type           Power      Damage    Failure   Level
 Shock                    Conj/Air       0%         1d3       99%         1
 Dazzling Flash           Conj/Hex       0%         N/A       100%        3
 Stone Arrow              Conj/Erth      0%         3d7       100%        3
 Swiftness                Air            0%         N/A       100%        3
 Volatile Blastmotes      Fire/Tloc      0%         2d10      100%        3
 Airstrike                Air            0%         2d(0-16)  100%        4
 Animate Armour           Summ/Erth      0%         N/A       100%        4
 Iskenderun's Mystic Bla  Conj/Tloc      0%         2d3       100%        4
 Starburst                Conj/Fire      0%         6d3       100%        6
 Lehudib's Crystal Spear  Conj/Erth      0%         10d2      100%        8


Dungeon Overview and Level Annotations

Branches:
Dungeon (3/15)

Altars:
Cheibriados
Elyvilon
Fedhas

Shops:
D:3 (?(!=


Innate Abilities, Weirdness & Mutations

((You are very nimble when in or above water. (Stealth+, EV+, Speed+++)))
Your lower body shifts to a powerful aquatic tail in water.


Message History

You barely miss Crazy Yiuf.
Crazy Yiuf is heavily wounded.
You feel sick.
Crazy Yiuf hits you with a +2 quarterstaff of chaos.
Crazy Yiuf burns you.
You puncture Crazy Yiuf!
Crazy Yiuf is almost dead.
You feel sick.
Crazy Yiuf laughs, "Shadow disdain ladder!"
Crazy Yiuf hits you but does no damage.
You hit Crazy Yiuf.
Crazy Yiuf is almost dead.
You feel sick.
Crazy Yiuf hits you with a +2 quarterstaff of chaos.
* * * LOW HITPOINT WARNING * * *
You feel drained.
* * * LOW HITPOINT WARNING * * *
You puncture Crazy Yiuf!
You kill Crazy Yiuf!
You feel sick.
Your life force feels restored.
You feel sick.
There is an open translucent door, spattered with blood here.
Things that are here:
a +2 quarterstaff of chaos; a +0 cloak You feel sick.
You are no longer poisoned.
You start resting.
HP restored.
You start waiting.
Done waiting.
You start waiting.
Done waiting.
You start waiting.
Done waiting.
Done exploring.
Done exploring.
Done exploring.
Done exploring.
Are you sure you want to abandon this character and quit the game? (Confirm with "yes".)

#.......#.#
#.#.###.#.#
#.#.....#.#
######..#.#
##..#.# #......
##### ♣♣########
#)..#♣♣ ♣♣P...##
##
#..@).♣♣♣♣.P....#
#.
#...#♣..♣.P.....#
#.
#####♣♣♣.♣.P..#.#
#. ♣♣♣♣♣###.# #.
#..# #. ### ##.#
## #.#####)#
#.##....####
#.##.##.....


There were no monsters in sight!

Vanquished Creatures
  Crazy Yiuf (D:3)
  Jessica (D:3)
  Natasha (twice) (D:2)
  Robin (D:3)
  2 adders
  A gnoll (D:1)
  2 worms (D:2)
  2 dart slugs (D:1)
  3 endoplasms
  5 giant cockroaches
  13 goblins
  8 hobgoblins
  2 jackals (D:2)
  A quokka (D:3)
  5 ball pythons (D:1)
  7 bats
  3 frilled lizards (D:2)
  5 kobolds
  5 rats
69 creatures vanquished.

Notes
Turn   | Place    | Note
-------+----------+-------------------------------------------
     0 | D:1      | Nedwor the Merfolk Gladiator began the quest for the Orb.
     0 | D:1      | Reached XP level 1. HP: 16/16 MP: 1/1
    63 | D:1      | Found a faded altar of an unknown god.
   179 | D:1      | Reached XP level 2. HP: 23/23 MP: 2/2
   261 | D:1      | Reached XP level 3. HP: 28/28 MP: 3/3
   984 | D:2      | Noticed Natasha
   999 | D:2      | Killed Natasha
  1000 | D:2      | Reached skill level 5 in Polearms
  1000 | D:2      | Reached XP level 4. HP: 14/34 MP: 4/4
  1107 | D:2      | Reached skill level 1 in Armour
  1597 | D:2      | Noticed Natasha
  1606 | D:2      | Killed Natasha
  1607 | D:2      | Reached XP level 5. HP: 21/41 MP: 5/5
  1760 | D:3      | Noticed Jessica
  1760 | D:3      | Found Duinokk's Jewellery Shop.
  1760 | D:3      | Found a white marble altar of Elyvilon.
  1771 | D:3      | Found a blossoming altar of Fedhas.
  1773 | D:3      | Killed Jessica
  1774 | D:3      | Reached skill level 5 in Dodging
  1838 | D:3      | Found Runwanery's Weapon Shop.
  1845 | D:3      | Found Laken's Magic Scroll Boutique.
  1889 | D:3      | Found Ziucrim's Distillery.
  1974 | D:3      | Found a runed translucent door.
  1975 | D:3      | Noticed Crazy Yiuf
  2119 | D:3      | Found Diyr's Antique Weapon Shoppe.
  2250 | D:3      | Found a snail-covered altar of Cheibriados.
  2289 | D:3      | Noticed Robin
  2302 | D:3      | Killed Robin
  2303 | D:3      | Reached skill level 6 in Polearms
  2600 | D:3      | Killed Crazy Yiuf
  2602 | D:3      | HP: 2/41 [poisoned by Crazy Yiuf]
  3051 | D:3      | Quit the game

Illustrated notes

Levels and vault maps discovered:
D:1:      psy_arrival_spokes, layout_basic,
          hellmonk_ecumenical_altar_heavens_door, hex_intersection,
          minmay_split_cup_small
D:2:      layout_basic, roderic_serpentine_path, uniq_natasha
D:3:      layout_loops_cross, nicolae_overflow_crystal_walls,
          mainiacjoe_overflow_catwalk_spiral, serial_shops, shop, shop, shop,
          shop, nicolae_shop_back_alley_shop, uniq_crazy_yiuf_cottage,
          uniq_robin, uniq_jessica

Skill      XL: |  1  2  3  4  5 |
---------------+----------------+-----
Polearms       | 5 6 |  6.2
Armour         | 1 |  1.5
Fighting       | 3 |  3.4
Dodging        | 5 |  5.2
Throwing       | |  2.0

Action                     |  1- 3 |  4- 6 || total
---------------------------+-------+-------++-------
  Melee: Trident           |    90 |   135 ||   225
         Punch             |     1 |       ||     1
   Stab: Sleeping          |     2 |       ||     2
 Armour: Leather armour    |    19 |       ||    19
         Chain mail        |    40 |    51 ||    91
  Dodge: Dodged            |    44 |    36 ||    80

Table legend: (Time is in decaauts)
 A = Elapsed time spent in this place.
 B = Non-inter-level travel time spent in this place.
 C = Inter-level travel time spent in this place.
 D = Time resting spent in this place.
 E = Time spent auto-exploring this place.
 F = Levels seen in this place.
 G = Mean time per level.
                   A        B        C        D        E       F      G
               +--------+--------+--------+--------+--------+-----+--------+
         Total |   3070 |   2989 |     81 |    448 |   2092 |   3 | 1023.3 |
       Dungeon |   3070 |   2989 |     81 |    448 |   2092 |   3 | 1023.3 |
               +--------+--------+--------+--------+--------+-----+--------+

Top non-repeatable levels by time:
     D:3: 1291 daAuts
     D:1: 982 daAuts
     D:2: 796 daAuts
